[Event "Titled Tuesday Blitz June 6 Early 2023"]
[White "Prestia, Paris"]
[Black "Chylewski, Patryk"]
[WhiteFideId "30925959"]
[BlackFideId "1186191"]
[WhiteElo "2671"]
[BlackElo "2163"]
[Result "0-1"]
[Round "7"]
[TimeControl "180+2"]
[Date "2023.06.06"]
[WhiteClock "0:00:10"]
[BlackClock "0:00:04"]
[Board "60"]

1. d4 Nf6 2. Bg5 d5 3. e3 c5 4. Bxf6 gxf6 5. Nc3 e6 6. dxc5 Bxc5 7. Qh5 Nc6 8. O-O-O Qe7 9. Bb5 Bd7 10. Nge2 O-O-O 11. Kb1 f5 12. Qh6 Qf8 13. Qh4 Qg7 14. g3 Kb8 15. Nc1 h5 16. Nb3 Be7 17. Qf4+ Qe5 18. Qf3 h4 19. g4 fxg4 20. Qxg4 Rhg8 21. Qf3 Qf6 22. Qe2 Rg2 23. Rd2 Ne5 24. Bxd7 Rxd7 25. h3 Nc4 26. Rd4 Rxf2 27. Qe1 Rf3 28. Qc1 Nxe3 29. Rd3 Nc4 30. Rg1 Rd8 31. Rxf3 Qxf3 32. Nb5 Qxh3 33. Qf4+ e5 34. Qxf7 Qd7 35. Nc3 Bb4 36. Qf3 Bxc3 37. Qxc3 h3 38. Rh1 Rh8 39. Na5 Qg7 40. Nxc4 dxc4 41. b3 cxb3 42. axb3 h2 43. Kb2 Rh5 44. Qe3 Qg2 45. Qe1 Qd5 46. Qf1 Qd4+ 47. c3 Qd8 48. Ka3 Qe7+ 49. Kb2 Qe8 50. Qe2 Qh8 51. Qe4 Ka8 52. Qd5 Rh4 53. Rd1 a6 54. Qh1 Rh3 55. Re1 e4 56. Qxe4 Qxc3+ 57. Ka2 Qxb3+ 58. Ka1 Qa3+ 59. Kb1 Rb3+ 60. Kc2 Rb2+ 61. Kd1 Qa1+ 62. Qb1 Qxb1# 0-1


[Site "https://www.chess.com"]

[Event "Titled Tuesday Blitz June 6 Early 2023"]
[White "Sharapov, Evgeny"]
[Black "Goltsev, Dmitry"]
[WhiteFideId "14103133"]
[BlackFideId "24176710"]
[WhiteElo "2367"]
[BlackElo "2356"]
[Result "1/2-1/2"]
[Round "7"]
[TimeControl "180+2"]
[Date "2023.06.06"]
[WhiteClock "0:00:32"]
[BlackClock "0:00:11"]
[Board "61"]

1. e4 e6 2. d4 d5 3. Nc3 c5 4. exd5 exd5 5. Bb5+ Nc6 6. Nf3 Nf6 7. O-O Be7 8. dxc5 Bxc5 9. Re1+ Be6 10. Be3 Bxe3 11. Rxe3 O-O 12. Nd4 Qb6 13. Bxc6 bxc6 14. Nxe6 fxe6 15. Rxe6 Ng4 16. Rxc6 Qxf2+ 17. Kh1 Rae8 18. h3 Ne3 19. Qe2 d4 20. Qxf2 Rxf2 21. Re1 dxc3 22. Rxc3 Rf1+ 23. Rxf1 Nxf1 24. Rc7 a5 25. c4 Re2 26. Ra7 Rxb2 27. Rxa5 Rb1 28. c5 Rc1 29. Rb5 Ne3+ 30. Kh2 Rc2 31. a4 Rxg2+ 32. Kh1 Rc2 33. a5 Nd5 34. a6 Ra2 35. c6 Rxa6 36. Rxd5 Rxc6 37. Kg2 Kf7 38. Kg3 Kf6 39. Rd3 Rc5 40. h4 Re5 41. Rf3+ Rf5 42. Ra3 Re5 43. Ra6+ Kf5 44. Ra3 Re7 45. Ra5+ Kf6 46. Ra6+ Re6 47. Ra3 h5 48. Rb3 Re4 49. Rb6+ Kf5 50. Rb5+ Re5 51. Rb3 Re4 52. Rb5+ Kg6 53. Rb6+ Kh7 54. Rb3 Rg4+ 55. Kh3 Kg6 56. Rb6+ Kf7 57. Rb7+ Ke8 58. Ra7 g6 59. Rb7 Kd8 60. Ra7 Kc8 61. Rg7 Kd8 62. Rf7 Ke8 63. Rg7 Kf8 64. Ra7 Re4 65. Rb7 Re7 66. Rxe7 Kxe7 67. Kg3 Ke6 68. Kf4 Kf6 69. Ke4 Ke6 70. Kf4 Kf7 71. Kg5 Kg7 72. Kf4 Kh6 73. Ke4 g5 74. hxg5+ Kxg5 75. Kf3 Kh4 76. Kg2 Kg4 77. Kh1 h4 78. Kg1 Kg3 79. Kh1 h3 80. Kg1 h2+ 81. Kh1 Kh3 1/2-1/2


[Site "https://www.chess.com"]

[Event "Titled Tuesday Blitz June 6 Early 2023"]
[White "Gomez Ledo, Roberto Carlos"]
[Black "Reprintsev, Alexander"]
[WhiteFideId "3507076"]
[BlackFideId "14100541"]
[WhiteElo "2378"]
[BlackElo "2229"]
[Result "0-1"]
[Round "7"]
[TimeControl "180+2"]
[Date "2023.06.06"]
[WhiteClock "0:00:02"]
[BlackClock "0:00:33"]
[Board "62"]

1. d4 d5 2. Bf4 Nf6 3. e3 c5 4. c3 Qb6 5. Qb3 c4 6. Qc2 g6 7. b3 Bf5 8. Qb2 Bg7 9. Nd2 Nc6 10. Ngf3 O-O 11. Qa3 cxb3 12. axb3 Rfe8 13. Be2 Nd7 14. O-O e5 15. dxe5 Ndxe5 16. Nd4 Bd3 17. Bxd3 Nxd3 18. Bg3 Bf8 19. Qa4 Nxd4 20. cxd4 Rec8 21. Nf3 Qc6 22. Qa2 f6 23. Rfd1 Nb4 24. Qe2 Qc2 25. Qb5 Qc6 26. Qe2 a6 27. h4 Qc2 28. Nd2 Rc6 29. h5 Rac8 30. hxg6 hxg6 31. Qg4 Qf5 32. Qxf5 gxf5 33. Nf3 Rc3 34. Rab1 Kf7 35. Nh4 Ke6 36. Ng6 Bd6 37. Bxd6 Kxd6 38. Nf4 a5 39. g3 Rc2 40. Kg2 b6 41. Rh1 Rd2 42. Rh6 Rf8 43. Rh7 Nd3 44. Nxd3 Rxd3 45. Rb7 Kc6 46. Rh7 Kb5 47. Rd7 Kc6 48. Rh7 Rc3 49. Kf3 Rc2 50. Rh2 Kd6 51. Kf4 Ke6 52. f3 b5 53. Rh7 Ra8 54. Rb7 Kd6 55. Rh1 Kc6 56. Rhh7 Rc8 57. Ra7 Kb6 58. Rhb7+ Kc6 59. Rf7 Kb6 60. Rae7 a4 61. bxa4 bxa4 62. Ra7 R8c4 63. Rfb7+ Kc6 64. Kxf5 R2c3 0-1


[Site "https://www.chess.com"]

[Event "Titled Tuesday Blitz June 6 Early 2023"]
[White "Hua, Lefong"]
[Black "Baches Garcia, Guillermo"]
[WhiteFideId "2602253"]
[BlackFideId "2209764"]
[WhiteElo "2637"]
[BlackElo "2516"]
[Result "1/2-1/2"]
[Round "7"]
[TimeControl "180+2"]
[Date "2023.06.06"]
[WhiteClock "0:00:32"]
[BlackClock "0:00:19"]
[Board "63"]

1. d4 d5 2. c4 e6 3. Nc3 h6 4. cxd5 exd5 5. e3 Nf6 6. Bd3 Be7 7. Nge2 O-O 8. O-O b6 9. Ng3 Re8 10. Re1 Bb7 11. b3 Bf8 12. Bb2 Nbd7 13. Rc1 c5 14. dxc5 bxc5 15. Qc2 Ne5 16. Bf1 c4 17. Red1 Rc8 18. Qb1 Qa5 19. Nf5 Ba6 20. Nd4 Nd3 21. Bxd3 cxd3 22. Na4 Rxc1 23. Bxc1 Ne4 24. f3 Nc5 25. Bd2 Qd8 26. Nc3 Ne6 27. Ncb5 Nxd4 28. Nxd4 Bc5 29. Qb2 Qb6 30. Kf1 Bxd4 31. Qxd4 Qxd4 32. exd4 Re2 33. a4 f5 34. h4 Kf7 35. Kg1 Ke6 36. Re1 Rxe1+ 37. Bxe1 g5 38. hxg5 hxg5 39. Kf2 g4 40. Ke3 gxf3 41. gxf3 Kf6 42. Kf4 Ke6 43. Kg5 d2 44. Bxd2 Bd3 45. a5 Bc2 46. b4 Bd3 47. Bf4 a6 48. Be5 Be2 49. f4 Bc4 50. Kg6 Bb5 51. Kg7 Bc4 52. Kf8 Bb5 53. Bc7 Bc4 54. Ke8 Bb5+ 55. Kd8 Bc4 56. Kc8 Bb5 57. Kb7 Bc4 58. Be5 Bb5 59. Kb6 Bc4 60. Kc6 Bb5+ 61. Kc5 Bc4 62. b5 Bxb5 63. Kb6 Bc4 64. Kb7 Bb5 65. Kb6 Bc4 66. Kc5 Bb5 67. Kb4 Bc4 68. Kc3 Bb5 69. Kd2 Bc4 70. Kc1 Bb5 71. Kb2 Bc4 72. Ka3 Bb5 73. Kb4 Bc4 74. Kc3 Bb5 75. Kb4 1/2-1/2


[Site "https://www.chess.com"]

[Event "Titled Tuesday Blitz June 6 Early 2023"]
[White "Devaev, Alexander"]
[Black "Orlov, Georgi"]
[WhiteFideId "4169395"]
[BlackFideId "2011271"]
[WhiteElo "2172"]
[BlackElo "2635"]
[Result "0-1"]
[Round "7"]
[TimeControl "180+2"]
[Date "2023.06.06"]
[WhiteClock "0:01:19"]
[BlackClock "0:02:14"]
[Board "64"]

1. Nf3 Nf6 2. c4 e6 3. Nc3 d5 4. d4 Nbd7 5. Bg5 Bb4 6. e3 c5 7. cxd5 exd5 8. Bxf6 Nxf6 9. Bb5+ Bd7 10. Bxd7+ Nxd7 11. O-O Bxc3 12. bxc3 O-O 13. a4 Rc8 14. a5 Qc7 15. Qb3 Qc6 16. Rfb1 Rc7 17. h3 Re8 18. Rd1 c4 19. Qc2 b5 20. axb6 axb6 21. Rdb1 g6 22. h4 Kg7 23. h5 Re6 24. Ra8 Qxa8 0-1


[Site "https://www.chess.com"]

[Event "Titled Tuesday Blitz June 6 Early 2023"]
[White "Perez, Maximiliano"]
[Black "Aarav Dengla"]
[WhiteFideId "117234"]
[BlackFideId "45059756"]
[WhiteElo "2334"]
[BlackElo "2288"]
[Result "1/2-1/2"]
[Round "7"]
[TimeControl "180+2"]
[Date "2023.06.06"]
[WhiteClock "0:01:25"]
[BlackClock "0:02:07"]
[Board "65"]

1. e4 c5 2. Nf3 d6 3. d4 cxd4 4. Nxd4 Nf6 5. Nc3 a6 6. Be2 e5 7. Nb3 Be7 8. Be3 O-O 9. g4 Be6 10. g5 Nfd7 11. h4 Nc5 12. Qd2 Nc6 13. O-O-O Nb4 14. Nxc5 dxc5 15. a3 Nc6 16. Qxd8 Rfxd8 17. Rxd8+ Rxd8 18. Rd1 Nd4 19. Bxd4 cxd4 20. Nb1 h6 21. Rg1 hxg5 22. hxg5 Rc8 23. Nd2 g6 24. Kd1 Kg7 25. Bg4 Bxg4+ 26. Rxg4 Rh8 27. Nf3 Bd6 28. Rg1 Rh3 29. Ke2 Kf8 30. Rd1 Ke7 31. a4 Ke6 32. c3 dxc3 33. bxc3 Rh8 34. Rb1 Rc8 35. Kd3 Rc7 36. Rb6 Ke7 37. Rb2 Rd7 38. Ke2 Rc7 39. Kd3 Ke6 40. Rb6 Ke7 41. Rb2 1/2-1/2


[Site "https://www.chess.com"]

[Event "Titled Tuesday Blitz June 6 Early 2023"]
[White "Gontcharov, Vladislav"]
[Black "Goffredo_Fofi"]
[WhiteFideId "4123492"]
[WhiteElo "2420"]
[BlackElo "2486"]
[Result "0-1"]
[Round "7"]
[TimeControl "180+2"]
[Date "2023.06.06"]
[WhiteClock "0:00:02"]
[BlackClock "0:00:09"]
[Board "66"]

1. d4 g6 2. e4 Bg7 3. Nc3 c6 4. Nf3 d5 5. h3 Nh6 6. e5 f6 7. exf6 exf6 8. g4 O-O 9. Be3 b5 10. Qd2 Nf7 11. O-O-O Nd6 12. Bd3 Nc4 13. Bxc4 bxc4 14. Rdg1 Na6 15. a3 Re8 16. Bf4 Nc7 17. Bxc7 Qxc7 18. h4 Rb8 19. h5 g5 20. Nd1 Bf8 21. Ne3 Bd6 22. Kb1 Qb6 23. Qc3 a5 24. Nd2 Bb4 25. axb4 axb4 26. Ndxc4 dxc4 27. Qxc4+ Be6 28. Qd3 Qa5 29. Kc1 b3 30. c3 Ra8 31. Kd2 Qc7 32. f3 Ra2 33. Rb1 Qg3 34. Rhf1 Bd5 35. Qe2 Qf4 36. Qf2 c5 37. dxc5 Bc4 38. Rfe1 Rd8+ 39. Kc1 Rd3 40. Qe2 Rxc3+ 41. bxc3 Bxe2 42. Rxe2 Rxe2 0-1


[Site "https://www.chess.com"]

[Event "Titled Tuesday Blitz June 6 Early 2023"]
[White "Iskusnyh, Sergei"]
[Black "Papayan, Oleg"]
[WhiteFideId "4120027"]
[BlackFideId "4193911"]
[WhiteElo "2492"]
[BlackElo "2167"]
[Result "1-0"]
[Round "7"]
[TimeControl "180+2"]
[Date "2023.06.06"]
[WhiteClock "0:00:12"]
[BlackClock "0:00:01"]
[Board "67"]

1. d4 Nf6 2. c4 e6 3. g3 h5 4. Nf3 h4 5. Nxh4 d5 6. Bg2 Be7 7. Nf3 Nc6 8. Nbd2 Ne4 9. O-O f5 10. Qa4 Bd7 11. Qb3 Na5 12. Qc2 Bf6 13. Nxe4 fxe4 14. Ne5 Bxe5 15. dxe5 Nxc4 16. Bxe4 Nxe5 17. Bf4 Nc6 18. Bg6+ Kf8 19. e4 d4 20. e5 Be8 21. Be4 Qe7 22. h4 Bh5 23. a3 Kf7 24. Rac1 Rhf8 25. b4 a6 26. Bg5 Qd7 27. Bxc6 bxc6 28. Qxc6 Qxc6 29. Rxc6 Kg6 30. Rxe6+ Kf5 31. Rc6 d3 32. f3 Kxe5 33. Rc5+ Kd4 34. Rfc1 Bf7 35. Bd2 Rfe8 36. Bc3+ Ke3 37. Re1+ Kxf3 38. Rf5+ Kxg3 39. Rxf7 Kxh4 40. Rxg7 Rad8 41. Kg2 d2 42. Rh1# 1-0


[Site "https://www.chess.com"]

[Event "Titled Tuesday Blitz June 6 Early 2023"]
[White "Shohat, Yotam"]
[Black "Lehtosaari, Mauri"]
[WhiteFideId "2813955"]
[BlackFideId "501999"]
[WhiteElo "2226"]
[BlackElo "2480"]
[Result "0-1"]
[Round "7"]
[TimeControl "180+2"]
[Date "2023.06.06"]
[WhiteClock "0:00:28"]
[BlackClock "0:00:05"]
[Board "68"]

1. d4 d5 2. Nc3 Nf6 3. Bf4 a6 4. f3 Bf5 5. g4 Bg6 6. h4 h5 7. g5 Ng8 8. e3 e6 9. Bd3 Ne7 10. Nge2 Bxd3 11. Qxd3 Ng6 12. Bg3 Bd6 13. O-O-O Bxg3 14. Nxg3 Qd6 15. f4 Ne7 16. Rdf1 g6 17. e4 Nbc6 18. f5 exf5 19. exf5 O-O-O 20. f6 Nf5 21. Nxf5 gxf5 22. Rxf5 Qe6 23. Rf2 Kb8 24. Re2 Qg4 25. b3 Nxd4 26. Rd2 Nc6 27. Nxd5 Rd6 28. Qc4 Qe6 29. Rhd1 Qe5 0-1


[Site "https://www.chess.com"]

[Event "Titled Tuesday Blitz June 6 Early 2023"]
[White "Shapiro, Viktor"]
[Black "Sharan, Rao"]
[WhiteFideId "4175700"]
[BlackFideId "5073464"]
[WhiteElo "2212"]
[BlackElo "2149"]
[Result "0-1"]
[Round "7"]
[TimeControl "180+2"]
[Date "2023.06.06"]
[WhiteClock "0:00:16"]
[BlackClock "0:00:15"]
[Board "70"]

1. c4 c5 2. Nc3 g6 3. g3 Bg7 4. Bg2 Nc6 5. Nf3 e5 6. d3 d6 7. O-O Nge7 8. a3 a5 9. Rb1 O-O 10. Ne1 Be6 11. Nc2 d5 12. b3 d4 13. Nb5 Kh8 14. b4 b6 15. bxc5 bxc5 16. Na1 Rb8 17. Nb3 Qb6 18. e3 Rfd8 19. exd4 exd4 20. Bf4 Be5 21. Bxe5+ Nxe5 22. Re1 N7c6 23. h3 Kg7 24. f4 Nxc4 25. dxc4 Bxc4 26. Nd2 Bxb5 27. a4 Nb4 28. axb5 Qxb5 29. Re5 a4 30. Ne4 Rbc8 31. f5 Qd3 32. f6+ Kf8 33. Nxc5 Qxd1+ 34. Rxd1 a3 35. Bb7 Rc7 36. Rde1 a2 37. Bf3 d3 38. Ra1 d2 39. Bd1 Rdc8 40. Nb3 Rc1 41. Kf2 Nd3+ 42. Ke3 Nxe5 43. Kxd2 Rxa1 44. Nxa1 Nd7 45. Bb3 Nxf6 46. g4 Ne4+ 47. Kd1 Nf2+ 48. Kd2 Nxh3 49. Kd1 Nf2+ 50. Kd2 Nxg4 51. Bd1 Ne5 52. Bb3 Kg7 53. Bxa2 Ra8 54. Bd5 Rd8 0-1


[Site "https://www.chess.com"]

[Event "Titled Tuesday Blitz June 6 Early 2023"]
[White "zsizsi99"]
[Black "MKlose11"]
[WhiteElo "2435"]
[BlackElo "2554"]
[Result "0-1"]
[Round "7"]
[TimeControl "180+2"]
[Date "2023.06.06"]
[WhiteClock "0:00:03"]
[BlackClock "0:00:40"]
[Board "71"]

1. e4 e6 2. d4 d5 3. Nd2 Be7 4. c3 c5 5. dxc5 dxe4 6. Qg4 Nf6 7. Qxg7 Rg8 8. Qh6 Bxc5 9. h3 Nc6 10. Nb3 Be7 11. Qd2 Qc7 12. Ne2 Bd7 13. Ned4 Nxd4 14. Qxd4 a6 15. Be3 Nd5 16. Qxe4 Bc6 17. Qxh7 O-O-O 18. O-O-O Nxe3 19. fxe3 Rxd1+ 20. Kxd1 Rd8+ 21. Kc2 Qg3 22. Qxf7 Be4+ 23. Bd3 Qxg2+ 24. Nd2 Bxd3+ 25. Kb3 Qxh1 26. Qxe6+ Rd7 27. c4 Qc6 28. Qg8+ Rd8 29. Qg4+ Kb8 30. a3 Ka8 31. h4 b5 32. cxb5 Qd5+ 33. Kc3 Bf6+ 34. Kb4 Be7+ 35. Kc3 Bxb5 36. Ne4 Qd3# 0-1


[Site "https://www.chess.com"]

[Event "Titled Tuesday Blitz June 6 Early 2023"]
[White "Fier, Alexandr"]
[Black "Turzo, Attila"]
[WhiteFideId "2107139"]
[BlackFideId "704954"]
[WhiteElo "2610"]
[BlackElo "2485"]
[Result "1-0"]
[Round "7"]
[TimeControl "180+2"]
[Date "2023.06.06"]
[WhiteClock "0:02:26"]
[BlackClock "0:00:01"]
[Board "72"]

1. e4 d6 2. f4 g6 3. Nf3 Bg7 4. Bc4 Nf6 5. d3 a6 6. O-O b5 7. Bb3 Bb7 8. Qe1 c5 9. Bxf7+ Kxf7 10. Ng5+ Kg8 11. Ne6 Qd7 12. f5 Nc6 13. Qh4 Nd4 14. Nxg7 Kxg7 15. Nc3 h5 16. Bg5 Raf8 17. Rae1 e6 18. fxg6 Qe7 19. e5 dxe5 20. Rxe5 Kxg6 21. Qg3 Kh7 22. Qh3 Kg6 23. Bh4 Qg7 24. Rg5+ Kh6 25. Rxg7 Kxg7 26. Qg3+ Ng4 27. Qc7+ Kg6 28. Rxf8 Rxf8 29. Qxb7 b4 30. Qe4+ Kh6 31. Ne2 Rf4 32. Qxf4+ 1-0


[Site "https://www.chess.com"]

[Event "Titled Tuesday Blitz June 6 Early 2023"]
[White "Orujov2008"]
[Black "Ibadov, Dashgyn"]
[BlackFideId "24107514"]
[WhiteElo "2485"]
[BlackElo "2208"]
[Result "1-0"]
[Round "7"]
[TimeControl "180+2"]
[Date "2023.06.06"]
[WhiteClock "0:00:29"]
[BlackClock "0:00:01"]
[Board "73"]

1. e4 e5 2. Nf3 Nc6 3. Bb5 a6 4. Ba4 Nf6 5. d4 exd4 6. O-O Be7 7. e5 Ne4 8. Nxd4 Nc5 9. Nf5 Ne6 10. Qg4 O-O 11. Bxc6 dxc6 12. Rd1 Qe8 13. Bh6 g6 14. Nxe7+ Qxe7 15. Bxf8 Nxf8 16. Qg3 Bf5 17. c3 Nd7 18. Re1 Nc5 19. Nd2 Nd3 20. Re3 Nxb2 21. Ne4 Bxe4 22. Rxe4 Rd8 23. Rd4 Rxd4 24. cxd4 Nc4 25. h3 Qe6 26. f4 Qd5 27. Rd1 c5 28. Qf3 Qxf3 29. gxf3 Ne3 30. Rc1 cxd4 31. Rxc7 d3 32. Rd7 Kf8 33. Rxd3 Nc4 34. Rd7 b5 35. Ra7 a5 36. Rb7 b4 37. Rb5 Ke7 38. Rc5 Nd2 39. Rxa5 Nxf3+ 40. Kf2 Nd4 41. Ra7+ Ke6 42. Rb7 Nc6 43. Ke3 Kd5 44. Rxf7 h5 45. Rg7 1-0


[Site "https://www.chess.com"]

[Event "Titled Tuesday Blitz June 6 Early 2023"]
[White "Radzhabov, Rodion"]
[Black "Mrithyunjay Mahadevan"]
[WhiteFideId "884715"]
[BlackFideId "45003521"]
[WhiteElo "2174"]
[BlackElo "1626"]
[Result "1-0"]
[Round "7"]
[TimeControl "180+2"]
[Date "2023.06.06"]
[WhiteClock "0:00:21"]
[BlackClock "0:00:21"]
[Board "74"]

1. e4 c5 2. Nf3 d6 3. d4 cxd4 4. Qxd4 Nc6 5. Bb5 a6 6. Bxc6+ bxc6 7. c4 e5 8. Qd3 Nf6 9. Nc3 Be7 10. h3 O-O 11. O-O h6 12. Rd1 Qc7 13. b3 Be6 14. Bb2 Rfd8 15. Rac1 Rac8 16. Nd5 cxd5 17. cxd5 Qb7 18. dxe6 fxe6 19. Nd2 Nd7 20. Qg3 Nc5 21. Qg4 Bg5 22. Rc4 Qf7 23. Nf3 Bf6 24. Rdc1 Qd7 25. Bxe5 Nd3 26. Rxc8 Nxe5 27. Rxd8+ Bxd8 28. Nxe5 dxe5 29. Rd1 Qc8 30. Rd6 Kf7 31. Qf3+ Ke7 32. Rd1 Bb6 33. Qd3 Qc5 34. Rd2 Qc1+ 35. Kh2 Bd4 36. Rc2 Qf4+ 37. g3 Qf8 38. Kg2 Qa8 39. Rc7+ Kd6 40. Rxg7 a5 41. Qc2 Bc5 42. Rf7 Qc6 43. Rf3 Qb5 44. Qd3+ Qxd3 45. Rxd3+ Bd4 46. f4 Kc5 47. f5 exf5 48. exf5 Kd6 49. g4 Ke7 50. Rxd4 exd4 51. Kf3 1-0


[Site "https://www.chess.com"]

[Event "Titled Tuesday Blitz June 6 Early 2023"]
[White "Ljukin, Sergei"]
[Black "Goryachkina, Aleksandra"]
[WhiteFideId "14102200"]
[BlackFideId "4147103"]
[WhiteElo "2312"]
[BlackElo "2471"]
[Result "1/2-1/2"]
[Round "7"]
[TimeControl "180+2"]
[Date "2023.06.06"]
[WhiteClock "0:00:07"]
[BlackClock "0:00:08"]
[Board "75"]

1. e4 c6 2. d4 d5 3. e5 Bf5 4. Nd2 e6 5. Nb3 Nd7 6. Nf3 a6 7. Be2 c5 8. dxc5 Bxc5 9. Nxc5 Nxc5 10. O-O Ne7 11. Nd4 Bg6 12. Be3 Rc8 13. c3 O-O 14. f4 b5 15. Kh1 Be4 16. Qe1 Nf5 17. Bg1 Qd7 18. Qd2 Rfd8 19. Qe1 h6 20. Rd1 Qb7 21. a3 Na4 22. Qd2 Nb6 23. b4 Nc4 24. Qc1 a5 25. Bf3 Bxf3 26. Rxf3 axb4 27. Nxf5 exf5 28. axb4 Ra8 29. Qc2 Qd7 30. Bd4 Qe6 31. Rff1 Ra6 32. Ra1 Rda8 33. Rxa6 Rxa6 34. h3 Ra8 35. Qe2 Nd6 36. Rf3 Rb8 37. Qa2 Ne4 38. Kh2 Qc6 39. Rf1 Ra8 40. Qb2 Qc4 41. Ra1 Rc8 42. e6 fxe6 43. Ra7 Rc7 44. Rxc7 Qxc7 45. Be5 Qb7 46. Qa2 Kh7 47. Qa5 Qd7 48. Qa8 Nd2 49. Qb8 Nc4 50. Bd4 Nd6 51. Qb6 Nc4 52. Qc5 Nd6 53. Qb6 Nc4 54. Qc5 Nd6 55. Qb6 1/2-1/2


[Site "https://www.chess.com"]

[Event "Titled Tuesday Blitz June 6 Early 2023"]
[White "Domingo Nunez, Ruben"]
[Black "Ismayil, Malak"]
[WhiteFideId "22245570"]
[BlackFideId "13412604"]
[WhiteElo "2404"]
[BlackElo "1868"]
[Result "0-1"]
[Round "7"]
[TimeControl "180+2"]
[Date "2023.06.06"]
[WhiteClock "0:00:06"]
[BlackClock "0:00:15"]
[Board "76"]

1. d4 Nf6 2. Nf3 e6 3. g3 d5 4. Bg2 Be7 5. O-O O-O 6. c4 dxc4 7. Qc2 a6 8. a4 Bd7 9. Nbd2 Bc6 10. Nxc4 Nbd7 11. Rd1 Rc8 12. Bf4 Nb6 13. Na5 Be4 14. Qb3 Bd5 15. Qc2 Be4 16. Qd2 Bd6 17. Be5 Nfd7 18. Qf4 Bxe5 19. dxe5 Bd5 20. e4 Bc6 21. Nxc6 bxc6 22. Nd4 c5 23. Nc6 Qe8 24. a5 Na8 25. Qd2 Nb8 26. Na7 Rd8 27. Qc3 Qe7 28. Bf1 Rxd1 29. Rxd1 c6 30. Nxc6 Nxc6 31. Rd6 Nb8 32. Qxc5 Qc7 33. Qb4 Nc6 34. Qc3 Nxa5 35. Qxc7 Nxc7 36. Rxa6 Nxa6 0-1


[Site "https://www.chess.com"]

[Event "Titled Tuesday Blitz June 6 Early 2023"]
[White "Nemec, Jachym"]
[Black "Belov, Alexei"]
[WhiteFideId "23716525"]
[BlackFideId "4128206"]
[WhiteElo "2347"]
[BlackElo "2631"]
[Result "1-0"]
[Round "7"]
[TimeControl "180+2"]
[Date "2023.06.06"]
[WhiteClock "0:01:01"]
[BlackClock "0:00:05"]
[Board "77"]

1. b3 Nf6 2. Nf3 d5 3. Ba3 Nbd7 4. c4 e6 5. Bxf8 Nxf8 6. e3 Ng6 7. Nc3 O-O 8. d4 c5 9. Rc1 b6 10. cxd5 exd5 11. Bd3 Bg4 12. Bxg6 hxg6 13. O-O cxd4 14. exd4 Rc8 15. Qd3 Bf5 16. Qd2 Ne4 17. Nxe4 Bxe4 18. Ne5 Qd6 19. f3 Bf5 20. g4 Be6 21. Kg2 a5 22. Rh1 Qa3 23. h4 Rfe8 24. Rxc8 Rxc8 25. h5 gxh5 26. gxh5 Qb4 27. Qxb4 axb4 28. Kg3 Rc2 29. Rh2 Bf5 30. Rxc2 Bxc2 31. Nc6 Bb1 32. Nxb4 Kh7 33. a3 b5 34. Nxd5 Ba2 35. Nc3 Bxb3 36. Nxb5 Kh6 37. Nc3 Kxh5 38. a4 Kg6 39. a5 Bc4 40. Ne4 Ba6 41. Nc5 Bc4 42. Kf4 Kf6 43. a6 Ke7 44. Ke4 Kd6 45. f4 Bd5+ 46. Kf5 Ba8 47. Kg5 Kd5 48. Nd7 Kxd4 49. Nb6 Bc6 50. a7 Ke4 51. a8=Q Bxa8 52. Nxa8 g6 53. Nb6 f6+ 54. Kg4 Kd4 55. Nd7 g5 56. f5 Ke4 57. Nxf6+ Ke5 58. Kxg5 1-0


[Site "https://www.chess.com"]

[Event "Titled Tuesday Blitz June 6 Early 2023"]
[White "Tomaszewski, Kacper"]
[Black "Domingo Nunez, Alejandro"]
[WhiteFideId "1127373"]
[BlackFideId "22245561"]
[WhiteElo "2211"]
[BlackElo "2291"]
[Result "0-1"]
[Round "7"]
[TimeControl "180+2"]
[Date "2023.06.06"]
[WhiteClock "0:00:01"]
[BlackClock "0:00:16"]
[Board "78"]

1. e4 g6 2. d4 Bg7 3. Nf3 c6 4. c4 d5 5. cxd5 cxd5 6. e5 Bg4 7. Nbd2 Nc6 8. h3 Bxf3 9. Nxf3 Nh6 10. Be3 Qb6 11. Bd3 Nf5 12. Bxf5 gxf5 13. O-O O-O 14. Kh1 Nd8 15. Qd3 f6 16. e6 Qxe6 17. Rae1 Qd7 18. Nh4 e6 19. g4 Qf7 20. Rg1 fxg4 21. Rxg4 f5 22. Rg5 Kh8 23. Reg1 Bf6 24. Qe2 Bxg5 25. Bxg5 Nc6 26. Nf3 Qh5 27. Rg3 f4 28. Rg4 Qxh3+ 29. Nh2 Rae8 30. f3 e5 31. Qf2 e4 32. Rh4 Qf5 33. Bxf4 exf3 34. Rg4 Re4 35. Rg5 Qxf4 0-1


[Site "https://www.chess.com"]

[Event "Titled Tuesday Blitz June 6 Early 2023"]
[White "Gubajdullin, Alexei"]
[Black "Dushyant Sharma"]
[WhiteFideId "4141202"]
[BlackFideId "25065130"]
[WhiteElo "2279"]
[BlackElo "2198"]
[Result "1-0"]
[Round "7"]
[TimeControl "180+2"]
[Date "2023.06.06"]
[WhiteClock "0:00:28"]
[BlackClock "0:00:03"]
[Board "79"]

1. d4 d5 2. Nf3 e6 3. Bf4 Bd6 4. Bg3 f5 5. e3 Nf6 6. Nbd2 O-O 7. c4 c6 8. c5 Bc7 9. Bxc7 Qxc7 10. Ne5 Nbd7 11. Ndf3 Ne4 12. Bd3 b6 13. b4 Nxe5 14. Nxe5 bxc5 15. bxc5 Nxc5 16. Rc1 Nxd3+ 17. Qxd3 Bb7 18. O-O Rfc8 19. Rc5 Qd6 20. Rfc1 a5 21. a4 h6 22. Qd2 Kh7 23. Rxa5 Rxa5 24. Qxa5 Qa3 25. Rb1 c5 26. h4 cxd4 27. Rxb7 dxe3 28. Rxg7+ Kxg7 29. Qa7+ Kf6 30. Nd7+ Ke7 31. Ne5+ Kf6 32. f4 Qe7 33. Qd4 Kg7 34. Ng4+ Kh7 35. Nxe3 Rc1+ 36. Kf2 Qc5 37. Qf6 Rc2+ 38. Kf3 Qc7 39. Qxe6 d4 40. Qxf5+ Kh8 41. Qxc2 Qb7+ 42. Qe4 dxe3 43. Qxb7 e2 44. Kxe2 1-0


[Site "https://www.chess.com"]

[Event "Titled Tuesday Blitz June 6 Early 2023"]
[White "LangesNasenhaar"]
[Black "Goroshkov, Maksym"]
[BlackFideId "14142716"]
[WhiteElo "2472"]
[BlackElo "2322"]
[Result "1-0"]
[Round "7"]
[TimeControl "180+2"]
[Date "2023.06.06"]
[WhiteClock "0:00:09"]
[BlackClock "0:00:56"]
[Board "80"]

1. d4 Nf6 2. Nc3 e6 3. e4 d5 4. e5 Nfd7 5. f4 c5 6. Nce2 cxd4 7. Nxd4 Nc6 8. Ngf3 Bc5 9. c3 a6 10. Bd3 Qc7 11. Be3 b5 12. O-O Bb7 13. h4 h6 14. h5 O-O-O 15. b4 Bxd4 16. Nxd4 Nxd4 17. Bxd4 g6 18. hxg6 fxg6 19. a4 bxa4 20. Qxa4 Nb8 21. Bc5 h5 22. Bd4 h4 23. b5 axb5 24. Qxb5 h3 25. g3 h2+ 26. Kh1 Rh7 27. Rf2 Nc6 28. Bb6 Qd7 29. Bxd8 d4 30. Be4 Kxd8 31. Rb1 dxc3 32. Qxb7 Qxb7 33. Rxb7 Rxb7 34. Bxc6 Rb4 35. Rc2 Rc4 36. Bf3 Kc7 37. Kxh2 Kb6 38. Be2 Rc7 39. Bd3 g5 40. fxg5 Ka5 41. g6 Kb4 42. Kh3 Rd7 43. Be4 Rd4 44. g7 Rd8 45. Bh7 Kb3 46. Rf2 Rd2 47. Rf1 Rd8 48. g8=Q Rxg8 49. Bxg8 c2 50. Bxe6+ Kb2 51. Bf5 c1=Q 52. Rxc1 Kxc1 53. e6 Kd2 54. e7 Ke3 55. e8=Q+ Kf2 56. Qe4 Kf1 57. Qc2 Kg1 58. Qg2# 1-0


[Site "https://www.chess.com"]

[Event "Titled Tuesday Blitz June 6 Early 2023"]
[White "Horak, Martin"]
[Black "Aldokhin, Ivan"]
[WhiteFideId "367095"]
[BlackFideId "24115720"]
[WhiteElo "2091"]
[BlackElo "2322"]
[Result "0-1"]
[Round "7"]
[TimeControl "180+2"]
[Date "2023.06.06"]
[WhiteClock "0:00:01"]
[BlackClock "0:00:04"]
[Board "81"]

1. e4 c5 2. Nf3 e6 3. d4 cxd4 4. Nxd4 a6 5. Bd3 Qc7 6. O-O Nf6 7. Nc3 d6 8. Qe2 Nbd7 9. Bd2 Be7 10. Rae1 O-O 11. f4 b5 12. a3 Bb7 13. Kh1 Rad8 14. Rf3 Rfe8 15. Rh3 Bf8 16. Nf3 e5 17. f5 d5 18. Ng5 h6 19. exd5 hxg5 20. Bxg5 e4 21. Nxe4 Bxd5 22. Bxf6 Nxf6 23. Nxf6+ gxf6 24. Qg4+ Bg7 25. Rf1 Qe5 26. Rg3 Kf8 27. Qxg7+ Ke7 28. Qg4 Rh8 29. h3 Rdg8 30. Qxg8 Rxg8 31. Rxg8 Qe3 32. Kh2 Qe5+ 33. Kh1 Qxb2 34. Re1+ Kd7 35. Rg7 Qxa3 36. Rg3 Qd6 37. Rge3 Qc5 38. R3e2 a5 39. Rb1 b4 40. Rd1 Kc7 41. Red2 a4 42. Re2 a3 43. Rb1 a2 44. Ra1 Qc3 45. Ree1 Kc6 46. Be2 Kc5 47. Bf1 Qxh3+ 48. Kg1 Qc3 49. Red1 Qe3+ 0-1


[Site "https://www.chess.com"]